 Dungeon Crawl Stone Soup version 0.27-a0-1191-g601b473118 (webtiles) character file.

Game seed: 8198409763540186603

121 st0uf the Digger (level 5, -7/28 HPs)
             Began as a Gargoyle Earth Elementalist on May 23, 2021.
             Mangled by an orc warrior
             ... wielding a +0 dire flail
              (13 damage)
             ... on level 3 of the Dungeon.
             The game lasted 00:04:36 (2147 turns).

st0uf the Digger (Gargoyle Earth Elementalist)      Turns: 2147, Time: 00:04:37

Health: -7/28      AC: 11    Str: 12    XL:     5   Next: 5%
Magic:  17/18      EV: 10    Int: 16    God:
Gold:   76         SH:  0    Dex: 10    Spells: 5/9 levels left

rFire    . . .     SeeInvis .   k - +1 short sword (elec)
rCold    . . .     Faith    .   (no shield)
rNeg     + . .     Spirit   .   o - +2 ring mail {Will+}
rPois    ∞         Reflect  .   (no helmet)
rElec    +         Harm     .   (no cloak)
rCorr    .         Rampage  .   (no gloves)
Will     +....                  (no boots)
Stlth    +.........             (no amulet)
HPRegen  0.09/turn              m - ring of magical power
MPRegen  0.16/turn              (no ring)

@: no status effects
A: sickness immunity, AC +4, negative energy resistance 1, electricity
resistance, torment resistance 1, petrification resistance
a: no special abilities


You were on level 3 of the Dungeon.
You visited 1 branch of the dungeon, and saw 3 of its levels.

You collected 76 gold pieces.

Inventory:

Hand Weapons
 d - a +3 short sword
 k - a +1 short sword of electrocution (weapon)
Missiles
 b - 29 stones
Armour
 c - a +0 robe
 h - a +1 kite shield of fire resistance
 o - a +2 ring mail of willpower (worn)
Jewellery
 m - a ring of magical power (left hand)
Wands
 n - a wand of iceblast (8)
Scrolls
 e - a scroll of enchant armour {unknown}
 f - 2 scrolls of magic mapping {unknown}
 g - 3 scrolls of identify {unknown}
 i - a scroll of teleportation {unknown}
Potions
 a - a potion of curing {unknown}
 j - a potion of lignification {unknown}
 l - a potion of might {unknown}
 p - a potion of heal wounds {unknown}


   Skills:
 + Level 0.9 Fighting
 + Level 0.2 Armour
 - Level 1.5 Dodging
 + Level 2.8 Stealth
 + Level 2.9 Spellcasting
 * Level 2.0 Conjurations
 + Level 0.7 Transmutations
 + Level 4.9 Earth Magic


You had 5 spell levels left.
You knew the following spells:

 Your Spells              Type           Power      Damage    Failure   Level
a - Sandblast             Erth           36%        2d10      6%          1
b - Stone Arrow           Conj/Erth      26%        3d8       30%         3

Your spell library contained the following spells:

 Spells                   Type           Power      Damage    Failure   Level
 Passwall                 Tmut/Erth      9%         N/A       21%         2
 Petrify                  Tmut/Erth      11%        N/A       80%         4
 Lee's Rapid Deconstruct  Erth           9%         3d8*      85%         5


Dungeon Overview and Level Annotations

Branches:
Dungeon (3/15)

Altars:


Innate Abilities, Weirdness & Mutations

You are immune to sickness and miasma.
Your stone body is resilient. (AC +4)
You are immune to poison.
You resist negative energy. (rN+)
You are resistant to electric shocks. (rElec)
You are resistant to unholy torment.
You are immune to petrification.


Message History

Aim: an orc warrior, wielding a +0 dire flail and wearing a +0 chain mail (lightly wounded, 77% to hit)
The blast of sand misses the orc warrior.
Casting: Sandblast (safe; 6% risk of failure)
Confirm with . or Enter, or press ? or * to list all spells.
Aiming: Sandblast (safe; 6% risk of failure)
Press: ? - help, Shift-Dir - straight line, f/p - orc warrior
Aim: an orc warrior, wielding a +0 dire flail and wearing a +0 chain mail (lightly wounded, 77% to hit)
The blast of sand hits the orc warrior but does no damage.
The orc warrior is lightly wounded.
The orc warrior hits you but does no damage.
Casting: Sandblast (safe; 6% risk of failure)
Confirm with . or Enter, or press ? or * to list all spells.
Aiming: Sandblast (safe; 6% risk of failure)
Press: ? - help, Shift-Dir - straight line, f/p - orc warrior
Aim: an orc warrior, wielding a +0 dire flail and wearing a +0 chain mail (lightly wounded, 77% to hit)
The blast of sand hits the orc warrior.
The orc warrior is lightly wounded.
The orc warrior hits you with a +0 dire flail!
You see here a ball python corpse.
You barely miss the orc warrior.
The orc warrior is lightly wounded.
The orc warrior barely misses you.
You closely miss the orc warrior.
The orc warrior is lightly wounded.
The orc warrior hits you with a +0 dire flail.
Your ring mail prevents you from hitting the orc warrior.
The orc warrior is lightly wounded.
The orc warrior hits you but does no damage.
You hit the orc warrior but do no damage.
Lightning courses through the orc warrior!
The orc warrior is heavily wounded.
The orc warrior hits you with a +0 dire flail!
* * * LOW HITPOINT WARNING * * *
You hit the orc warrior but do no damage.
The orc warrior is heavily wounded.
The orc warrior closely misses you.
You hit the orc warrior.
The orc warrior is heavily wounded.
The orc warrior hits you with a +0 dire flail!
You die...

#.# #.# #.# #.#
#.# #†# #o# #o#
.... #@# .....#.#
......#.##########
......#..........#
.............###.#
.........###.# #.#
.....##.####.# #.#
...........#.# #.#
#######.##.#.# #.#


You could see an orc warrior and an orc.

Vanquished Creatures
  2 orc priests
  An adder (D:2)
  A worm (D:2)
  2 dart slugs (D:1)
  3 orcs
  4 ball pythons
  4 endoplasms
  3 giant cockroaches
  6 hobgoblins
  6 kobolds
  A quokka (D:1)
  4 bats
  A frilled lizard (D:2)
  4 rats
42 creatures vanquished.

Notes
Turn   | Place    | Note
-------+----------+-------------------------------------------
     0 | D:1      | st0uf the Gargoyle Earth Elementalist began the quest for
                  | the Orb.
     0 | D:1      | Reached XP level 1. HP: 10/10 MP: 3/3
   193 | D:1      | Reached XP level 2. HP: 15/15 MP: 5/5
   234 | D:1      | Reached skill level 4 in Earth Magic
   751 | D:1      | Found a faded altar of an unknown god.
  1038 | D:2      | Reached XP level 3. HP: 18/19 MP: 6/6
  1045 | D:2      | Reached skill level 1 in Conjurations
  1444 | D:2      | Learned a level 3 spell: Stone Arrow
  1689 | D:2      | Reached XP level 4. HP: 3/24 MP: 8/8
  1960 | D:3      | Reached XP level 5. HP: 28/28 MP: 9/9
  2125 | D:3      | Noticed an orc warrior
  2147 | D:3      | Mangled by an orc warrior

Illustrated notes

Levels and vault maps discovered:
D:1:      heliophobic_arrival_ceremonial_halls, layout_basic,
          ebering_ecumenical_altar_abandoned
D:2:      layout_rooms
D:3:      layout_basic, kennysheep_vampire_church, trog_antimagical

Skill      XL: |  1  2  3  4  5 |
---------------+----------------+-----
Earth Magic    | 4 |  4.9
Conjurations   | 1 2 |  2.0
Fighting       | |  0.9
Armour         | |  0.2
Dodging        | |  1.5
Stealth        | |  2.8
Spellcasting   | |  2.9
Transmutations | |  0.7

Action                   |  1- 3 |  4- 6 || total
-------------------------+-------+-------++-------
Melee: Short sword       |    96 |    25 ||   121
       Unarmed           |     1 |       ||     1
 Cast: Sandblast         |    16 |     7 ||    23
 Stab: Sleeping          |     2 |       ||     2
Armor: Robe              |    13 |       ||    13
       Ring mail         |    31 |    21 ||    52
Dodge: Dodged            |    61 |    12 ||    73

Table legend: (Time is in decaauts)
 A = Elapsed time spent in this place.
 B = Non-inter-level travel time spent in this place.
 C = Inter-level travel time spent in this place.
 D = Time resting spent in this place.
 E = Time spent auto-exploring this place.
 F = Levels seen in this place.
 G = Mean time per level.
                   A        B        C        D        E       F      G
               +--------+--------+--------+--------+--------+-----+--------+
         Total |   2160 |   2114 |     46 |    398 |   1279 |   3 |  720.0 |
       Dungeon |   2160 |   2114 |     46 |    398 |   1279 |   3 |  720.0 |
               +--------+--------+--------+--------+--------+-----+--------+

Top non-repeatable levels by time:
     D:1: 1037 daAuts
     D:2: 902 daAuts
     D:3: 220 daAuts
